 Dungeon Crawl Stone Soup version 0.23.2-33-g5129a83184 (webtiles) character file.

Game seed: 1101359412811469724

245 MalarOregon the Insei (level 6, -6/46 HPs)
             Began as a Merfolk Transmuter on Aug 5, 2019.
             Killed by nerve-wracking pain
             ... invoked by Grinder
              (13 damage)
             ... on level 3 of the Dungeon.
             The game lasted 00:08:32 (2630 turns).

MalarOregon the Insei (Merfolk Transmuter)          Turns: 2630, Time: 00:08:32

Health: -6/46      AC:  2    Str: 10    XL:     6   Next: 10%
Magic:  6/10       EV: 23    Int: 15    God:
Gold:   117        SH:  0    Dex: 19    Spells: 5/11 levels left

rFire    . . .     SeeInvis .     - Unarmed
rCold    . . .     Gourm    .   (shield currently unavailable)
rNeg     . . .     Faith    .   (armour currently unavailable)
rPois    x         Spirit   .   (helmet currently unavailable)
rElec    .         Reflect  .   (cloak currently unavailable)
rCorr    .         Harm     .   (gloves currently unavailable)
MR       .....                  (boots currently unavailable)
Stlth    ++........             (no amulet)
HPRegen  0.15/turn              (no ring)
MPRegen  0.12/turn              (no ring)

@: spider-form (expiring), very slightly contaminated
A: tiny, (change form in water), (swift swim), (stealthy swim)
a: End Transformation


You were on level 3 of the Dungeon.
You were not hungry.
You were a venomous arachnid creature.
You visited 1 branch of the dungeon, and saw 3 of its levels.

You collected 117 gold pieces.

Inventory:

Missiles
 a - 47 arrows
 c - 130 stones (quivered)
Armour
 d - a +0 leather armour (melded)
   (You found it on level 1 of the Dungeon)
 g - a +0 pair of gloves (melded)
   (You found it on level 3 of the Dungeon)
Jewellery
 j - a +3 ring of slaying {unknown}
   (You found it on level 2 of the Dungeon)
 n - a cursed -3 ring of evasion {unknown}
   (You found it on level 3 of the Dungeon)
Scrolls
 b - a scroll of blinking {unknown}
 f - a scroll of enchant weapon {unknown}
 h - 3 scrolls of remove curse {@r2}
 i - 3 scrolls of identify {unknown}
 k - a scroll of teleportation {@r4}
Potions
 l - a potion of heal wounds {@q2}
 m - a potion of lignification {unknown}
Comestibles
 e - 4 rations {!d}


   Skills:
 + Level 2.6 Fighting
 + Level 4.2 Dodging
 + Level 4.2 Unarmed Combat
 + Level 3.0 Spellcasting
 + Level 4.1 Transmutations
 + Level 2.0 Poison Magic


You had 5 spell levels left.
You knew the following spells:

 Your Spells              Type           Power        Failure   Level  Hunger
a - Beastly Appendage     Tmut           ##....       12%         1    #......
s - Sticks to Snakes      Tmut           ##......     16%         2    ##.....
x - Spider Form           Tmut/Pois      ##........   36%         3    ###....

Your spell library contained the following spells:

 Spells                   Type           Power        Failure   Level  Hunger
 Ice Form                 Ice/Tmut       #.......     82%         4    #####..
 Blade Hands              Tmut           ##........   86%         5    ######.


Dungeon Overview and Level Annotations

Branches:
Dungeon (3/15)

Altars:

Annotations:
D:3 Grinder


Message History

You are very lightly contaminated with residual magic.
Your skin glows momentarily.
Grinder gestures at you. Pain shoots through your body!
You turn into a venomous arachnid creature.
Your +0 pair of gloves melds into your body.
Your +0 leather armour melds into your body.
Grinder blinks!
You hit Grinder. Grinder barely misses you.
You bite Grinder! Grinder completely misses you.
You barely miss Grinder. Grinder completely misses you.
You hit Grinder. Grinder hits you!
You writhe in agony.
You barely miss Grinder. Grinder gestures at you.
You barely resist. You completely miss Grinder. Grinder gestures at you.
You suddenly lose the ability to move!
Grinder hits you.
You writhe in agony.
* * * LOW HITPOINT WARNING * * *
Grinder blinks!
Grinder says, "At least Makhleb appreciates what I'm doing."
Grinder hits you.
* * * LOW HITPOINT WARNING * * *
Grinder gestures at you. You resist with significant effort. Grinder hits you.
* * * LOW HITPOINT WARNING * * *
You writhe in agony.
* * * LOW HITPOINT WARNING * * *
Your transformation is almost over.
Grinder hits you.
* * * LOW HITPOINT WARNING * * *
You writhe in agony.
* * * LOW HITPOINT WARNING * * *
You can move again.
Unknown command.
Unknown command.
You bite Grinder!
Grinder blinks!
Here: Grinder (moderately wounded)
The floor.
You start resting.
Grinder is too close now for your liking.
You hit Grinder but do no damage. Grinder misses you.
You hit Grinder. Grinder hits you.
* * * LOW HITPOINT WARNING * * *
You barely miss Grinder. Grinder gestures at you.
Pain shoots through your body!
You die...

#.#
#.#.#
#.#.#
#.#.#
#.#.#
#5#.#
#.#.#
#.#.#
#ยง#s#
#.5.#
#####


You could see Grinder.

Vanquished Creatures
  Sigmund (D:2)
  A gnoll (D:1)
  An adder (D:2)
  An ooze (D:1)
  3 worms
  An orc (D:3)
  A ball python (D:2)
  9 bats
  A giant cockroach (D:3)
  7 goblins
  8 hobgoblins
  4 frilled lizards (D:2)
  5 kobolds
  3 rats
46 creatures vanquished.

Notes
Turn   | Place    | Note
-------+----------+-------------------------------------------
     0 | D:1      | MalarOregon the Merfolk Transmuter began the quest for the
                  | Orb.
     0 | D:1      | Reached XP level 1. HP: 15/15 MP: 3/3
   169 | D:1      | Reached XP level 2. HP: 17/21 MP: 3/5
   175 | D:1      | Learned a level 2 spell: Sticks to Snakes
   619 | D:1      | Reached XP level 3. HP: 27/27 MP: 6/6
   984 | D:1      | Learned a level 3 spell: Spider Form
  1702 | D:2      | Noticed Sigmund
  1719 | D:2      | Killed Sigmund
  1719 | D:2      | Reached skill level 1 in Poison Magic
  1719 | D:2      | Reached XP level 4. HP: 27/34 MP: 3/8
  1719 | D:2      | Reached XP level 5. HP: 31/39 MP: 3/9
  1719 | D:2      | Reached XP level 6. HP: 36/46 MP: 3/10
  2608 | D:3      | Noticed Grinder
  2616 | D:3      | Paralysed by Grinder for 6 turns
  2630 | D:3      | Killed from afar by Grinder

Skill      XL: |  1  2  3  4  5  6 |
---------------+-------------------+-----
Dodging        | 3 4 |  4.2
Transmutations | 3 4 |  4.1
Fighting       | 2 |  2.6
Unarmed Combat | 4 |  4.2
Poison Magic   | 1 2 |  2.0
Spellcasting   | 3 |  3.0

Action                   |  1- 3 |  4- 6 || total
-------------------------+-------+-------++-------
Melee: Unarmed           |   114 |    48 ||   162
       Headbutt          |     6 |     4 ||    10
Throw: Stone             |     4 |     6 ||    10
 Cast: Beastly Appendage |    10 |     3 ||    13
       Spider Form       |     1 |     3 ||     4
  Use: Potion            |     2 |       ||     2
       Scroll            |       |     2 ||     2
 Stab: Sleeping          |       |     1 ||     1
  Eat: Chunk             |     3 |     3 ||     6
Armor: Leather armour    |    20 |     9 ||    29
Dodge: Dodged            |    69 |    38 ||   107
